 Dungeon Crawl Stone Soup version 0.19.1-1-g22dce08 (webtiles) character file.

107994 esteth the Severer (level 16, -3/138 HPs)
             Began as a Minotaur Fighter on Jan 3, 2017.
             Was the Champion of Cheibriados.
             Slain by a ghost moth (8 damage)
             ... on level 3 of the Spider Nest on Jan 4, 2017.
             The game lasted 01:27:42 (21862 turns).

esteth the Severer (Minotaur Fighter)              Turns: 21862, Time: 01:27:43

Health: -3/138     AC: 28    Str: 40 (42) XL:     16   Next: 1%
Magic:  0/24       EV:  9    Int: 20      God:    Cheibriados [******]
Gold:   623        SH:  0    Dex: 25 (26) Spells: 0 memorised, 15 levels left

rFire  . . .     SeeInvis .     M - +8 whip "Snakebite" {curare, rPois}
rCold  . . .     Gourm    .     O - +7 plate armour
rNeg   . . .     Faith    .     l - +0 shield {reflect}
rPois  +         Spirit   .     (helmet restricted)
rElec  .         Reflect  +     (no cloak)
rCorr  .         Harm     .     (no gloves)
MR     ++...                    k - +1 pair of boots
Stlth  ..........               s - +5 amulet of reflection
                                A - ring of protection from magic
                                E - +3 ring of protection

@: held, slowed, very slow
A: retaliatory headbutt, horns 2, regeneration 1
a: Bend Time, Temporal Distortion, Slouch, Step From Time, Renounce Religion


You were on level 3 of the Spider Nest.
You worshipped Cheibriados.
Cheibriados was exalted by your worship.
You were not hungry.

You visited 4 branches of the dungeon, and saw 22 of its levels.
You also visited: Ossuary.

You collected 2221 gold pieces.
You spent 1598 gold pieces at shops.

Inventory:

Hand Weapons
 z - the +3 war axe of Nightmares {venom, *Noise rPois Str+3 Stlth+}
   (You found it on level 7 of the Dungeon)

   It poisons the flesh of those it strikes.
   It affects your strength (+3).
   It protects you from poison.
   It may make noises in combat.
   It makes you more stealthy.
 F - a +4 battleaxe of venom
 M - the +8 whip "Snakebite" (weapon) {curare, rPois}
   (You found it on level 5 of the Lair of Beasts)

   It poisons the flesh of those it strikes.
   It protects you from poison.
Missiles
 a - 35 tomahawks (quivered)
 S - 4 javelins of penetration
 T - 4 exploding tomahawks
Armour
 c - a +0 shield
 k - a +1 pair of boots (worn)
 l - a +0 shield of reflection (worn)
 G - the +0 fire dragon scales of Parts Unknown {*Drain rF++ rC- rCorr Str+4 Dex+3}
   (You bought it in a shop on level 2 of the Orcish Mines)

   It affects your strength (+4).
   It affects your dexterity (+3).
   It greatly protects you from fire.
   It makes you vulnerable to cold.
   It protects you from acid and corrosion.
   It causes draining when unequipped.
 O - a +7 plate armour (worn)
Jewellery
 j - an uncursed amulet of regeneration
 s - a +5 amulet of reflection (around neck)
 y - an uncursed ring of positive energy
 A - a ring of protection from magic (right hand)
 E - a +3 ring of protection (left hand)
 N - a +4 ring of dexterity
Wands
 e - a wand of flame (36/48)
 h - a wand of digging (9/24)
 r - a wand of iceblast (7/15)
 H - a wand of teleportation (4/9)
 X - a wand of iceblast (9/15)
Scrolls
 b - 2 scrolls of magic mapping
 i - 4 scrolls of identify
 p - 7 scrolls of teleportation
 v - 7 scrolls of remove curse
 x - 2 scrolls of amnesia
 C - a scroll of brand weapon
 K - a scroll of blinking
 L - 2 scrolls of fear
 U - 2 scrolls of fog
Potions
 d - 3 potions of might
 g - 2 potions of ambrosia
 q - a potion of magic
 w - 6 potions of curing
 B - 5 potions of flight
 D - 2 potions of cancellation
 J - 2 potions of degeneration {unknown}
 W - a potion of invisibility
 Y - a potion of cure mutation
Books
 n - a book of Cantrips

   Spells                             Type                      Level
   a - Confusing Touch                Hexes                        1
   b - Animate Skeleton               Necromancy                   1
   c - Summon Small Mammal            Summoning                    1
   d - Apportation                    Translocation                1
Comestibles
 f - 4 bread rations
 m - 4 beef jerkies
 o - 8 meat rations
 t - 9 royal jellies
 u - 6 slices of pizza
 R - 19 fruits


   Skills:
 - Level 11.5 Fighting
 - Level 16.5(16.7) Axes
 + Level 4.3(11.9) Maces & Flails
 - Level 10.6 Throwing
 - Level 12.2 Armour
 - Level 10.6 Dodging
 + Level 11.5 Shields
 - Level 13.0 Invocations


You had 15 spell levels left.
You didn't know any spells.

Dungeon Overview and Level Annotations

Branches:
Dungeon (11/15)            Temple (0/1) D:4            Lair (6/6) D:10
 Shoals (0/4) Lair:2       Spider (3/4) Lair:2        Slime (0/5) Lair:5
    Orc (2/2) D:10            Elf (0/3) Orc:2

Altars:
Ashenzari
Cheibriados
Dithmenos
Nemelex Xobeh
Okawaru
Qazlal
Ru
Sif Muna
Uskayaw
Yredelemnul
Jiyva

Shops:
D:5 (   D:11 :   Orc:2 [*(=

Annotations:
Lair:4 exclusion: oklob plant
Spider:3 Arachne


Innate Abilities, Weirdness & Mutations

You reflexively headbutt those who attack you in melee.
You have a pair of horns on your head.
Your natural rate of healing is unusually fast.


Message History

The wolf spider hits you but does no damage.
The wolf spider bites you but does no damage.
The redback moves out of view.
Arachne hits you with a staff of poison.
* * * LOW HITPOINT WARNING * * *
You feel you are being watched by something.
You feel your power leaking away.
Something hits you but does no damage. x2
Something stings you but does no damage.
The redback bites you!
* * * LOW HITPOINT WARNING * * *
The tarantella bites you!
* * * LOW HITPOINT WARNING * * *
The wolf spider hits you.
* * * LOW HITPOINT WARNING * * *
The wolf spider bites you but does no damage.
You feel you are being watched by something.
You feel your power leaking away. Something hits you!
You die...

.. .. .... ^..# #######.....# .#.
..#.#.....##....##...#.#
.........^..#...............# .
...#......#^....(##......... ..
##.#........^.............##. ...
.......^...........†#....... ^...
#....^#.#....#s........#.^..
^^..^#.#.#.....sss...#.#........#
s.......^#.^#.wH@....<.......#...
.....#.....†^†.{#......#..#......
^....#..#^..^††.#^.##..#..#..[.#.
....#......(.......s.....#^#..#..
....##...#.........s.............
s.. ##.^..≈...#.≈≈#.....#..#...#
..# ###.≈≈≈.#≈≈≈≈#........##...
###≈#≈≈≈≈#≈...#....#.#.#.
##≈#≈≈§.≈≈≈#...#.......#.


You could see Arachne, a torpor snail, a wolf spider, an orb spider, a jumping
spider, 2 tarantellas and a redback.

Vanquished Creatures
  Nikola (Spider:2)
  Frances (Spider:1)
  Donald (Spider:2)
  An orc warlord (Orc:2)
  2 emperor scorpions (Spider:2)
  Louise (Spider:2)
  The ghost of Quirk the Cleaver, a journeyman DsFi of Ashenzari (D:11)
  3 entropy weavers
  Josephine (D:11)
  A catoblepas (Lair:6)
  Fannar (Lair:2)
  7 hydras
  A deep troll shaman (Lair:6)
  4 death yaks (Lair:6)
  4 orc high priests (Orc:2)
  An unseen horror (D:11)
  4 hill giants
  The ghost of Exporg the Cleaver, a novice MiBe of Trog (D:7)
  A lindwurm (Lair:6)
  11 orb spiders
  3 orc knights (Orc:2)
  4 orc sorcerers
  A cyclops (D:11)
  20 wolf spiders
  16 elephants
  4 black mambas
  A torpor snail (Lair:2)
  13 spiny frogs
  3 rime drakes
  8 komodo dragons
  11 demonic crawlers
  18 jumping spiders
  4 trolls
  A polar bear (Lair:6)
  A queen bee (D:11)
  8 hornets
  A two-headed ogre (D:10)
  29 blink frogs
  5 dream sheep (Lair:6)
  11 hippogriffs
  42 redbacks
  12 spriggans (Lair:3)
  23 tarantellas
  4 wraiths (D:11)
  2 basilisks
  24 yaks
  A wyvern (Lair:4)
  A hungry ghost (D:10)
  3 wargs
  The ghost of markt42 the Cudgeler, an amateur GrFi (Ossuary)
  2 hell hounds (D:10)
  14 water moccasins
  A porcupine (Lair:1)
  23 orc warriors
  5 ice beasts
  6 sky beasts
  2 black bears
  4 ogres
  3 boggarts (Lair:3)
  11 wolves
  3 centaurs
  9 crocodiles
  2 big kobolds
  Blork the orc (D:4)
  15 bullfrogs
  A scorpion (D:7)
  5 wights (D:9)
  31 killer bees
  A howler monkey (D:8)
  An electric eel (Spider:1)
  2 centaur zombies (D:6)
  4 crimson imps
  3 hounds
  A centaur skeleton (D:6)
  3 jellies
  25 orc priests
  3 bullfrog skeletons (D:6)
  9 hell rats (Lair:1)
  7 iguanas
  10 worker ants
  30 orc wizards
  7 big kobold zombies (Ossuary)
  A hound zombie (D:7)
  4 hound skeletons
  2 mummies (Ossuary)
  A worker ant zombie (D:9)
  9 gnolls
  14 adders
  A howler monkey skeleton (D:5)
  14 river rats (Lair:1)
  A shadow imp (D:7)
  An ooze (D:6)
  3 adder zombies (Ossuary)
  An adder skeleton (D:4)
  4 worms
  5 dart slugs
  8 leopard geckos
  76 orcs
  4 bats
  12 giant cockroaches
  3 gnoll zombies (Ossuary)
  6 goblins
  13 hobgoblins
  8 jackals
  16 kobolds
  5 quokkas
  2 ball pythons
  A frilled lizard (D:2)
  A giant cockroach zombie (D:5)
  A goblin zombie (D:7)
  4 hobgoblin zombies (Ossuary)
  A kobold zombie (Ossuary)
  A leopard gecko zombie (D:5)
  7 orc zombies (Ossuary)
  A quokka zombie (D:7)
  23 rats
  3 fungi
824 creatures vanquished.

Vanquished Creatures (others)
  5 centaurs
  An orc wizard (D:7)
  A leopard gecko (D:6)
  24 fungi
  12 plants
43 creatures vanquished.

Grand Total: 867 creatures vanquished

Notes
Turn   | Place    | Note
-------+----------+-------------------------------------------
     0 | D:1      | esteth the Minotaur Fighter began the quest for the Orb.
     0 | D:1      | Reached XP level 1. HP: 19/19 MP: 0/0
   118 | D:1      | Reached XP level 2. HP: 27/27 MP: 1/1
   138 | D:1      | Reached skill level 3 in Axes
   269 | D:1      | Reached XP level 3. HP: 33/33 MP: 2/2
   512 | D:2      | Reached skill level 4 in Axes
   780 | D:2      | Reached XP level 4. HP: 15/40 MP: 3/3
   786 | D:2      | Reached skill level 5 in Axes
  1880 | D:3      | Found a snail-covered altar of Cheibriados.
  1905 | D:3      | Became a worshipper of Cheibriados the Contemplative
  1961 | D:3      | Reached XP level 5. HP: 42/46 MP: 4/4
  1973 | D:3      | Found a shadowy altar of Dithmenos.
  1974 | D:3      | Found a sparkling altar of Nemelex Xobeh.
  1983 | D:3      | Reached skill level 6 in Axes
  2468 | D:4      | Reached skill level 7 in Axes
  2660 | D:4      | Found a staircase to the Ecumenical Temple.
  2693 | D:4      | Reached XP level 6. HP: 48/52 MP: 5/5
  2731 | D:4      | Reached * piety under Cheibriados
  2753 | D:4      | Found a shattered altar of Ashenzari.
  3157 | D:4      | Noticed Blork the orc
  3166 | D:4      | Killed Blork the orc
  3166 | D:4      | Reached skill level 8 in Axes
  3342 | D:5      | Entered Level 5 of the Dungeon
  3530 | D:5      | Reached ** piety under Cheibriados
  3540 | D:5      | Reached skill level 9 in Axes
  3540 | D:5      | Reached XP level 7. HP: 58/58 MP: 6/6
  3668 | D:5      | Found a sacrificial altar of Ru.
  3668 | D:5      | Found a faded altar of an unknown god.
  3673 | D:5      | Found a faded altar of an unknown god.
  3675 | D:5      | Found a basalt altar of Yredelemnul.
  3677 | D:5      | Found a hide-covered altar of Uskayaw.
  3735 | D:5      | You fall through a shaft!
  4308 | D:5      | Reached skill level 10 in Axes
  4314 | D:5      | Found Cuabadgh's Weapon Shoppe.
  4659 | D:6      | Found a stormy altar of Qazlal.
  4683 | D:6      | Reached skill level 11 in Axes
  4683 | D:6      | Reached XP level 8. HP: 63/66 MP: 7/7
  4858 | D:6      | Found an iron altar of Okawaru.
  4984 | D:6      | Reached *** piety under Cheibriados
  5141 | D:6      | Reached skill level 12 in Axes
  5384 | D:6      | Noticed a hippogriff
  5393 | D:6      | Killed a hippogriff
  5393 | D:6      | Reached skill level 13 in Axes
  5646 | D:7      | Noticed Exporg's ghost (novice MiBe)
  5665 | D:7      | Killed Exporg's ghost
  5665 | D:7      | Reached XP level 9. HP: 39/71 MP: 8/8
  5858 | D:7      | Got a warped war axe
  5859 | D:7      | Identified the +3 war axe of Nightmares {venom, *Noise rPois Str+3 Stlth+} (You found it on level 7 of the Dungeon)
  5871 | D:7      | Reached skill level 1 in Invocations
  5875 | D:7      | Found a sand-covered staircase.
  5885 | Ossuary  | Entered an ossuary
  5887 | Ossuary  | Noticed markt42's ghost (amateur GrFi)
  5889 | Ossuary  | Killed markt42's ghost
  5951 | Ossuary  | Reached **** piety under Cheibriados
  6342 | D:7      | Reached skill level 5 in Invocations
  6531 | D:7      | Found a deep blue altar of Sif Muna.
  6803 | D:8      | Reached ***** piety under Cheibriados
  6913 | D:8      | Reached skill level 1 in Dodging
  7207 | D:8      | Found a sacrificial altar of Ru.
  7518 | D:9      | Reached skill level 5 in Armour
  7518 | D:9      | Reached XP level 10. HP: 65/78 MP: 13/13
  7555 | D:9      | Identified the Grimoire of Lightness
  8179 | D:10     | Entered Level 10 of the Dungeon
  8184 | D:10     | Reached skill level 5 in Dodging
  8187 | D:10     | Noticed a hill giant
  8196 | D:10     | Killed a hill giant
  8224 | D:10     | Found a staircase to the Lair.
  8247 | D:10     | Noticed a hill giant
  8255 | D:10     | Killed a hill giant
  8546 | D:10     | Noticed a hill giant
  8556 | D:10     | Killed a hill giant
  9043 | D:6      | Reached XP level 11. HP: 83/83 MP: 14/14
  9189 | D:11     | Reached skill level 1 in Throwing
  9212 | D:10     | Reached ****** piety under Cheibriados
  9250 | D:10     | Found a staircase to the Orcish Mines.
  9475 | D:10     | Reached skill level 5 in Fighting
  9657 | D:11     | Noticed a four-headed hydra
  9657 | D:11     | Noticed Quirk's ghost (journeyman DsFi)
  9685 | D:10     | Killed a seven-headed hydra
  9837 | D:11     | Noticed Josephine
 10112 | Lair:1   | Entered Level 1 of the Lair of Beasts
 10145 | Lair:1   | Noticed a hill giant
 10149 | Lair:1   | Killed a hill giant
 10149 | Lair:1   | Reached skill level 5 in Throwing
 10246 | Lair:1   | Found a deep blue altar of Sif Muna.
 11081 | Lair:2   | Noticed Fannar
 11099 | Lair:2   | Killed Fannar
 11099 | Lair:2   | Reached XP level 12. HP: 64/103 MP: 15/17
 11338 | Lair:2   | Found a hole to the Spider Nest.
 11370 | Lair:2   | Reached skill level 10 in Invocations
 11455 | Lair:2   | Noticed a seven-headed hydra
 11458 | Lair:2   | Killed a seven-headed hydra
 11537 | Lair:2   | Found a snail-covered altar of Cheibriados.
 11614 | Lair:2   | Found a staircase to the Shoals.
 12279 | D:11     | Killed Josephine
 12297 | D:11     | Killed Quirk's ghost
 12354 | D:11     | Noticed a four-headed hydra
 12363 | D:11     | Killed a five-headed hydra
 12363 | D:11     | Reached XP level 13. HP: 76/108 MP: 21/21
 12665 | D:11     | Found Udadd's Book Emporium.
 12808 | D:11     | Gained mutation: Your natural rate of healing is unusually fast. [potion of beneficial mutation]
 14334 | Lair:4   | Identified a scroll of acquirement
 14337 | Lair:4   | Got a brightly glowing broad axe
 14338 | Lair:4   | Identified the +3 broad axe of Bixzaeg {flame, rF- rC- rN++ Dex+8} (You acquired it on level 4 of the Lair of Beasts)
 14870 | Lair:4   | Reached skill level 10 in Throwing
 15315 | Lair:5   | Found a viscous altar of Jiyva.
 15315 | Lair:5   | Found a staircase to the Slime Pits.
 15487 | Lair:5   | Reached skill level 14 in Axes
 15680 | Lair:6   | Entered Level 6 of the Lair of Beasts
 15919 | Lair:6   | Reached XP level 14. HP: 118/118 MP: 22/22
 16054 | Lair:6   | Reached skill level 15 in Axes
 16268 | Lair:6   | Reached skill level 16 in Axes
 16898 | Orc:1    | Entered Level 1 of the Orcish Mines
 17266 | Orc:1    | Reached skill level 10 in Armour
 17422 | Orc:2    | Entered Level 2 of the Orcish Mines
 17605 | Orc:2    | Found a staircase to the Elven Halls.
 17807 | Orc:2    | Noticed an orc warlord
 17826 | Orc:2    | Killed an orc warlord
 17890 | Orc:2    | Paralysed by an orc sorcerer for 2 turns
 17998 | Orc:2    | Reached skill level 10 in Fighting
 18061 | Orc:2    | Found Daobagh's Antique Armour Shop.
 18062 | Orc:2    | Found Ameq's Antique Weapon Shop.
 18063 | Orc:2    | Found Apaarch's General Store.
 18063 | Orc:2    | Found Astroaneu's Jewellery Boutique.
 18079 | Orc:2    | Bought heavily runed fire dragon scales for 1105 gold pieces
 18089 | Orc:2    | Identified the cursed +0 fire dragon scales of Parts Unknown {*Drain rF++ rC- rCorr Str+4 Dex+3} (You bought it in a shop on level 2 of the Orcish Mines)
 18090 | Orc:2    | Bought a glowing plate armour for 493 gold pieces
 18778 | Spider:1 | Entered Level 1 of the Spider Nest
 18778 | Spider:1 | Noticed an entropy weaver
 18783 | Spider:1 | Noticed Frances
 18960 | Lair:2   | Killed an entropy weaver
 19031 | Spider:1 | Killed Frances
 19177 | Lair:2   | Reached XP level 15. HP: 33/128 MP: 13/23
 19321 | Lair:2   | Reached skill level 10 in Dodging
 20057 | Spider:2 | Noticed Donald
 20082 | Spider:2 | Killed Donald
 20145 | Spider:2 | HP: 6/130 [wolf spider (13)]
 20448 | Spider:2 | Reached skill level 5 in Shields
 20460 | Spider:2 | Noticed Nikola
 20528 | Spider:2 | Killed Nikola
 21334 | Spider:2 | Noticed Louise
 21347 | Spider:2 | Killed Louise
 21350 | Spider:2 | Reached skill level 10 in Shields
 21687 | Spider:3 | Reached skill level 1 in Maces & Flails
 21798 | Spider:3 | Noticed Arachne
 21848 | Spider:3 | Reached XP level 16. HP: 79/138 MP: 17/24
 21862 | Spider:3 | HP: 6/138 [tarantella (11)]
 21862 | Spider:3 | Slain by a ghost moth

Skill      XL: |  1  2  3  4  5  6  7  8  9 10 11 12 13 14 15 |
---------------+----------------------------------------------+-----
Axes           | 3 4 5 7 9 11 13 14 16 | 16.5
Invocations    | 6 8 13 | 13.0
Armour         | 5 9 11 12 | 12.2
Dodging        | 2 7 8 9 10 | 10.6
Fighting       | 8 9 10 11 | 11.5
Throwing       | 6 10 | 10.6
Shields        | 11 | 11.5
Maces & Flails | 4 |  4.3

Action                   |  1- 3 |  4- 6 |  7- 9 | 10-12 | 13-15 | 16-18 || total
-------------------------+-------+-------+-------+-------+-------+-------++-------
Melee: War axe           |    80 |   167 |   296 |   403 |   227 |       ||  1173
       Headbutt          |    13 |    33 |    76 |   144 |   428 |     2 ||   696
       Whip              |       |       |       |       |   864 |     7 ||   871
Throw: Javelin           |       |       |       |    13 |    12 |       ||    25
       Tomahawk          |       |       |       |       |    21 |       ||    21
Invok: Temporal Distorti |       |       |       |     1 |       |       ||     1
       Step From Time    |       |       |       |       |     4 |       ||     4
       Slouch            |       |       |       |       |       |     1 ||     1
  Use: Scroll            |       |       |    20 |    10 |    20 |       ||    50
       Potion            |       |       |     1 |     2 |     9 |     3 ||    15
 Stab: Sleeping          |       |       |     1 |       |       |       ||     1
       Petrified         |       |       |       |       |     5 |       ||     5
       Petrifying        |       |       |       |       |     3 |       ||     3
  Eat: Chunk             |       |     8 |     6 |     5 |    13 |       ||    32
       Bread ration      |       |       |       |     2 |     1 |       ||     3
Armor: Scale mail        |    32 |    59 |    44 |       |       |       ||   135
       Chain mail        |       |       |    29 |    10 |       |       ||    39
       Plate armour      |       |       |       |   118 |   521 |    49 ||   688
Dodge: Dodged            |    25 |    39 |    37 |   179 |   597 |    17 ||   894
Block: Shield            |    32 |    83 |   177 |   383 |  1125 |    25 ||  1825
       Reflection        |       |       |    13 |    16 |    15 |     1 ||    45
